 Dungeon Crawl Stone Soup version 0.26.1-11-gd32895ea62 (webtiles) character file.

Game seed: 17887695080634250450

76558 Amplified the Fighter (level 15, -14/125 HPs)
             Began as a Minotaur Earth Elementalist on June 20, 2021.
             Was a High Priest of Hepliaklqana.
             Killed by divine providence
             ... invoked by Saint Roka
              (15 damage)
             ... on level 2 of the Orcish Mines.
             The game lasted 00:34:44 (24486 turns).

Amplified the Fighter (MiEE)                       Turns: 24486, Time: 00:34:46

Health: -14/125    AC: 28    Str: 19    XL:     15   Next: 12%
Magic:  22/22      EV: 13    Int: 12    God:    Hepliaklqana [*****.]
Gold:   1873       SH: 23    Dex: 11    Spells: 13/16 levels left

rFire    + . .     SeeInvis +   d - +6 demon whip (vamp)
rCold    . . .     Faith    +   l - +4 tower shield
rNeg     . . .     Spirit   .   w - +9 ring mail "Ybizil" {rElec rF- SInv}
rPois    .         Reflect  .   h - +2 hat
rElec    +         Harm     .   g - +0 cloak of Relativism {rF+ Will+}
rCorr    .         Rampage  .   j - +1 pair of gloves
Will     ++...                  L - +1 pair of boots
Stlth    +.........             U - amulet of faith
HPRegen  0.30/turn              e - +4 ring of protection
MPRegen  0.18/turn              n - ring of protection from fire

@: about to teleport
A: retaliatory headbutt, reduced essence, horns 2
a: Renounce Religion, Recall Ancestor, Ancestor Identity, Transference, Idealise


You were on level 2 of the Orcish Mines.
You worshipped Hepliaklqana.
Hepliaklqana was extremely pleased with you.
You visited 4 branches of the dungeon, and saw 22 of its levels.
You also visited: Gauntlet and Ice Cave.

You collected 1999 gold pieces.
You spent 126 gold pieces at shops.

Inventory:

Hand Weapons
 d - a +6 vampiric demon whip (weapon)
 K - a +3 vorpal flail
 N - the +2 war axe "Bochal" {flame, +Inv +Fly}
   (You found it on level 1 of the Lair of Beasts)

   It has been specially enchanted to burn those struck by it, causing extra
   injury to most foes and up to half again as much damage against particularly
   susceptible opponents.
   Big, fiery blades are also staple armaments of hydra-hunters.
   It lets you turn invisible.
   It lets you fly.
Missiles
 b - 646 stones
 p - 26 poisoned darts
 v - a throwing net
 C - 15 javelins
Armour
 g - the +0 cloak of Relativism (worn) {rF+ Will+}
   (You found it in a Gauntlet)

   It protects you from fire.
   It affects your willpower, your defense against some magical effects.
 h - a +2 hat (worn)
 j - a +1 pair of gloves (worn)
 l - a +4 tower shield (worn)
 t - a +0 scale mail of poison resistance
 w - the +9 ring mail "Ybizil" (worn) {rElec rF- SInv}
   (You found it on level 11 of the Dungeon)

   It makes you vulnerable to fire.
   It insulates you from electricity.
   It lets you see invisible.
 L - a +1 pair of boots (worn)
Jewellery
 e - a +4 ring of protection (left hand)
 i - the ring of the Sky {+Blink rElec EV+4 Dex+6 Slay-3, unknown}
   (You found it on level 2 of the Orcish Mines)

   [ring of evasion]

   It affects your evasion (+4).
   It affects your dexterity (+6).
   It affects your accuracy and damage with ranged weapons and melee attacks
   (-3).
   It insulates you from electricity.
   It lets you blink.
 n - a ring of protection from fire (right hand)
 s - an uncursed ring of willpower
 u - an uncursed ring of flight
 A - an uncursed amulet of guardian spirit {unknown}
 F - an uncursed ring of see invisible
 U - an amulet of faith (around neck)
Wands
 o - a wand of enslavement (11)
 z - a wand of random effects (13)
 B - a wand of polymorph (4)
 G - a wand of paralysis (16)
 I - a wand of flame (10)
 M - a wand of disintegration (15)
Scrolls
 f - 3 scrolls of amnesia
 k - 18 scrolls of remove curse
 q - a scroll of blinking
 r - 3 scrolls of teleportation
 y - a scroll of identify
 D - 2 scrolls of brand weapon
 O - a scroll of vulnerability
 P - 2 scrolls of fog
Potions
 a - 3 potions of curing
 c - a potion of brilliance
 m - 4 potions of mutation
 x - 4 potions of magic
 E - 2 potions of resistance
 H - 3 potions of attraction
 J - 2 potions of lignification
 Q - a potion of might


   Skills:
 * Level 14.5 Fighting
 - Level 14.3 Maces & Flails
 + Level 10.7 Armour
 + Level 10.2 Dodging
 - Level 1.5 Stealth
 * Level 14.3 Shields
 - Level 1.3 Spellcasting
 - Level 0.7 Transmutations
 - Level 2.4 Earth Magic
 * Level 11.0 Invocations


You had 13 spell levels left.
You knew the following spells:

 Your Spells              Type           Power        Failure   Level
a - Sandblast             Erth           12%          54%         1
b - Passwall              Tmut/Erth      3%           82%         2

Your spell library contained the following spells:

 Spells                   Type           Power        Failure   Level
 Magic Dart               Conj           0%           87%         1
 Shock                    Conj/Air       0%           87%         1
 Blink                    Tloc           N/A          95%         2
 Call Imp                 Summ           0%           95%         2
 Poisonous Vapours        Pois/Air       0%           95%         2
 Slow                     Hex            0%           95%         2
 Swiftness                Air            0%           95%         2
 Stone Arrow              Conj/Erth      6%           97%         3
 Conjure Flame            Conj/Fire      0%           99%         3
 Mephitic Cloud           Conj/Pois/Air  0%           99%         3
 Static Discharge         Conj/Air       0%           99%         3
 Airstrike                Air            0%           100%        4
 Petrify                  Tmut/Erth      4%           100%        4
 Lee's Rapid Deconstruct  Erth           3%           100%        5
 Lightning Bolt           Conj/Air       0%           100%        5
 Freezing Cloud           Conj/Ice/Air   0%           100%        6


Dungeon Overview and Level Annotations

Branches:
Dungeon (13/15)            Temple (1/1) D:7            Lair (6/6) D:10
  Swamp (0/4) Lair:3       Spider (0/4) Lair:2        Slime (0/5) Lair:5
    Orc (2/2) D:11            Elf (0/3) Orc:2         IceCv (visited)
Gauntlet (visited)
 Vaults: D:13-14

Altars:
Ashenzari
Cheibriados
Dithmenos
Elyvilon
Fedhas
Gozag
Hepliaklqana
Kikubaaqudgha
Makhleb
Nemelex Xobeh
Okawaru
Qazlal
Ru
Sif Muna
Trog
Uskayaw
Vehumet
Wu Jian
Xom
Yredelemnul
Zin
The Shining One
Jiyva

Shops:
D:4 ?

Annotations:
D:11 3 runed translucent doors, Almogavar's ghost, novice DrCj
D:13 Frances
Lair:2 1 runed translucent door, dreux's ghost, journeyman GnWn
Lair:4 exclusion: 2 oklob plants
Orc:2 Saint Roka


Innate Abilities, Weirdness & Mutations

You reflexively headbutt those who attack you in melee.
You have a pair of horns on your head.
Your life essence is reduced to manifest your ancestor. (-10% HP)


Message History

The weapon returns to the orc warrior!
The orc wizard gestures at you while chanting.
The puff of frost hits you but does no damage.
Lucius closely misses the orc warrior.
Lucius hits the orc high priest with a +0 broad axe of flaming.
Lucius burns the orc high priest.
Lucius hits Saint Roka with a +0 broad axe of flaming!
Lucius burns Saint Roka.
Saint Roka roars a battlecry!
The orcs go into a battle-frenzy!
The orc priest mumbles some strange prayers to Beogh against you.
Beogh smites you!
* * * LOW HITPOINT WARNING * * *
You feel better.
The orc warrior barely misses Lucius.
The orc high priest mumbles some strange prayers to Beogh against you.
Beogh smites you!
* * * LOW HITPOINT WARNING * * *
Saint Roka invokes the aid of Beogh against you.
Beogh smites you!
You die...

..#...##.##..[#..
########'#########
####.........###
...)o).8.8......
....o...........
...##†o)o...##.o
.###..[o..o..###
##....o8.8R..o.###
......4oooo4..o.@##
....4..o.4........##
...4..#..o#.....o.4##
.....##8.8##........##
..###
oooo.####....oo##
..... ###.....##
....... #...o.##
#.o3o..# #........#


You could see the friendly Lucius the knight, Saint Roka, a soul eater
(summoned), 2 orc high priests, 2 hellwings, a rust devil (summoned), 3 orc
warriors, 3 orc priests, an orc wizard (fast, strong) and 2 orcs.

Vanquished Creatures
  A frost giant (IceCv)
  An orc warlord (Orc:1)
  A stone giant (Orc:1)
  A minotaur (Gauntlet)
  Snorg (Lair:3)
  6 hydras
  A ghost crab (Gauntlet)
  7 two-headed ogres
  3 death yaks (Lair:5)
  Sonja (Lair:6)
  An unseen horror (D:11)
  Pikel (D:6)
  An orc knight (Orc:1)
  2 ugly things (D:11)
  4 cyclopes
  3 orc sorcerers (Orc:2)
  A manticore (D:11)
  8 elephants (Lair:6)
  A moth of wrath (Gauntlet)
  6 black mambas
  Joseph (D:7)
  An ice statue (IceCv)
  8 cane toads
  A torpor snail (Lair:4)
  6 komodo dragons
  2 ice devils (D:12)
  3 trolls
  15 polar bears
  6 hornets
  5 blink frogs
  A slime creature (D:8)
  3 dream sheep (Lair:4)
  2 redbacks (Gauntlet)
  45 yaks
  2 wraiths (D:11)
  11 spriggans (Lair:6)
  2 wyverns
  2 basilisks (Lair:2)
  4 vampire mosquitoes (Lair:3)
  Menkaure (D:7)
  A soldier ant (D:11)
  3 wargs (Orc:1)
  9 water moccasins
  2 ice beasts
  2 sky beasts
  3 black bears
  A necrophage (D:11)
  26 orc warriors
  4 phantoms
  35 wolves
  An eye of draining (D:10)
  5 boggarts
  15 ogres
  3 centaurs
  2 lemures (D:6)
  A gnoll sergeant (D:8)
  9 bullfrogs
  A wyvern skeleton (D:6)
  A scorpion (D:10)
  7 killer bees (D:8)
  2 electric eels (Lair:6)
  3 wights (D:11)
  A howler monkey (D:10)
  A bullfrog zombie (D:7)
  A centaur zombie (D:12)
  5 hounds
  3 jellies
  20 orc priests
  3 bullfrog skeletons
  A centaur skeleton (D:6)
  4 iguanas
  16 orc wizards
  12 worker ants
  12 gnolls
  13 adders
  2 shadow imps
  3 white imps
  An ufetubus (D:6)
  2 oozes (D:5)
  An adder zombie (D:5)
  3 adder skeletons
  3 worms
  4 dart slugs
  6 leopard geckos
  67 orcs
  5 giant cockroaches
  6 goblins
  5 hobgoblins
  18 jackals
  5 quokkas
  2 ball pythons
  10 bats
  7 frilled lizards
  A jackal zombie (D:8)
  10 kobolds
  A leopard gecko skeleton (D:5)
  5 rats
567 creatures vanquished.

Vanquished Creatures (collateral kills)
  A hydra (D:11)
  A two-headed ogre (Orc:2)
  2 death yaks (Lair:5)
  An orc high priest (Orc:2)
  An orc sorcerer (Orc:1)
  4 elephants (Lair:6)
  A black mamba (Lair:5)
  3 cane toads
  A rime drake (Lair:4)
  3 komodo dragons
  Maggie (Lair:2)
  5 polar bears
  A blink frog (Lair:6)
  2 hornets (Lair:6)
  A dream sheep (Lair:4)
  11 yaks
  2 basilisks
  A steam dragon (D:9)
  A vampire mosquito (Lair:3)
  2 water moccasins
  2 orc warriors (Orc:2)
  A black bear (D:8)
  11 wolves
  A phantom (D:8)
  3 ogres
  A centaur (D:9)
  5 bullfrogs
  3 scorpions
  2 wights (D:11)
  A howler monkey (D:10)
  A centaur skeleton (D:9)
  A hound (D:11)
  4 orc priests
  An orc wizard (Orc:1)
  A hound skeleton (D:9)
  19 orcs
102 creatures vanquished.

Vanquished Creatures (others)
  An ancestor (D:8)
  5 knights
  25 fungi
  49 plants
80 creatures vanquished.

Grand Total: 749 creatures vanquished

Notes
Turn   | Place    | Note
-------+----------+-------------------------------------------
     0 | D:1      | Amplified the Minotaur Earth Elementalist began the quest
                  | for the Orb.
     0 | D:1      | Reached XP level 1. HP: 14/14 MP: 1/1
   188 | D:1      | Reached skill level 1 in Fighting
   190 | D:1      | Reached XP level 2. HP: 16/23 MP: 3/3
   434 | D:1      | Reached skill level 1 in Maces & Flails
   816 | D:1      | Reached skill level 1 in Armour
   844 | D:1      | Reached XP level 3. HP: 18/29 MP: 0/4
  1028 | D:2      | Learned a level 2 spell: Passwall
  1347 | D:2      | Found a bloodstained altar of Trog.
  1509 | D:2      | Reached XP level 4. HP: 37/37 MP: 5/5
  2302 | D:3      | Reached XP level 5. HP: 40/45 MP: 0/6
  2563 | D:3      | Found a burning altar of Makhleb.
  2994 | D:4      | Noticed a phantom
  3077 | D:4      | Killed a phantom
  3078 | D:4      | Reached skill level 1 in Shields
  3245 | D:4      | Reached XP level 6. HP: 50/52 MP: 7/7
  3273 | D:4      | Found Teajoddimu's Magic Scroll Emporium.
  3281 | D:4      | Bought a scroll of teleportation for 36 gold pieces
  3281 | D:4      | Bought a scroll of blinking for 90 gold pieces
  3922 | D:5      | Entered Level 5 of the Dungeon
  4222 | D:5      | Noticed a sky beast
  4233 | D:5      | Reached XP level 7. HP: 56/60 MP: 8/8
  4280 | D:5      | Reached skill level 5 in Fighting
  4351 | D:5      | Found an ornate altar of the Wu Jian Council.
  4432 | D:5      | Reached skill level 5 in Maces & Flails
  4912 | D:5      | Found a basalt altar of Yredelemnul.
  5267 | D:6      | Reached XP level 8. HP: 69/69 MP: 9/9
  5563 | D:6      | Noticed Pikel
  5642 | D:6      | Killed Pikel
  5643 | D:6      | Reached skill level 5 in Shields
  5732 | D:6      | Found an ancient bone altar of Kikubaaqudgha.
  5732 | D:6      | Found a stormy altar of Qazlal.
  5732 | D:6      | Found a broken altar of Ashenzari.
  6127 | D:7      | Noticed Joseph
  6154 | D:7      | Reached skill level 5 in Dodging
  6154 | D:7      | Killed Joseph
  6155 | D:7      | Reached XP level 9. HP: 60/79 MP: 10/10
  6269 | D:7      | Noticed Menkaure
  6275 | D:7      | Killed Menkaure
  6276 | D:7      | Reached skill level 5 in Armour
  6625 | D:7      | Found a staircase to the Ecumenical Temple.
  6643 | Temple   | Entered the Ecumenical Temple
  6733 | Temple   | Became a worshipper of Hepliaklqana the Forgotten
  7087 | D:8      | Reached skill level 1 in Invocations
  7152 | D:8      | Noticed a two-headed ogre
  7163 | D:8      | Killed a two-headed ogre
  7359 | D:8      | Reached XP level 10. HP: 71/81 MP: 11/11
  8135 | D:9      | Reached * piety under Hepliaklqana
  8770 | D:9      | Found a white marble altar of Elyvilon.
  8856 | D:9      | Found a glowing silver altar of Zin.
  9182 | D:10     | Entered Level 10 of the Dungeon
  9375 | D:10     | Reached ** piety under Hepliaklqana
  9383 | D:10     | Remembered your ancestor Lucius as a knight
  9482 | D:10     | Noticed a white ugly thing
 10289 | D:10     | Found a staircase to the Lair.
 10374 | D:11     | Noticed a two-headed ogre
 10382 | D:11     | Killed a two-headed ogre
 10393 | D:11     | Reached XP level 11. HP: 54/89 MP: 13/13
 10653 | D:11     | Reached skill level 5 in Invocations
 10711 | D:11     | Reached skill level 10 in Fighting
 10711 | D:11     | Reached skill level 10 in Maces & Flails
 10737 | D:11     | Noticed a two-headed ogre
 10739 | D:11     | Found a runed translucent gate.
 10800 | Lair:1   | Entered Level 1 of the Lair of Beasts
 10800 | Lair:1   | Noticed a five-headed hydra
 10836 | D:11     | Killed a two-headed ogre
 10841 | D:11     | Paralysed by an orc for 2 turns
 11041 | D:11     | Noticed a white ugly thing
 11056 | D:11     | Killed a white ugly thing
 11174 | D:11     | Got an ichor-stained ring mail
 11175 | D:11     | Identified the +9 ring mail "Ybizil" {rElec rF- SInv} (You
                  | found it on level 11 of the Dungeon)
 11338 | D:11     | Found a runed translucent gate.
 11338 | D:11     | Found a runed translucent gate.
 11338 | D:11     | Identified the +6 dagger of Honour {drain, Str+7}
 11338 | D:11     | Identified the +2 robe of Tuabuut {Regen+ Int+2}
 11340 | D:11     | Noticed Almogavar's ghost (novice DrCj)
 11393 | D:11     | Noticed an unseen horror
 11520 | D:11     | Noticed a cyan ugly thing
 11525 | D:11     | Killed an unseen horror
 11527 | D:11     | Noticed a seven-headed hydra
 11533 | D:11     | Killed a cyan ugly thing
 11597 | D:11     | Identified the +3 tower shield of Foolhardiness {MP+9 Dex-5
                  | Stlth+}
 11625 | D:11     | Reached skill level 10 in Shields
 11795 | D:11     | Reached *** piety under Hepliaklqana
 12141 | D:11     | Killed a seven-headed hydra
 12353 | D:11     | Found a staircase to the Orcish Mines.
 12442 | D:12     | Found a frozen archway.
 12543 | IceCv    | Entered an ice cave
 12646 | IceCv    | Reached XP level 12. HP: 85/99 MP: 15/15
 13219 | IceCv    | Noticed a frost giant
 13244 | IceCv    | Killed a frost giant
 14446 | D:12     | Found a shadowy altar of Dithmenos.
 14528 | D:12     | You fall into a shaft and drop 1 floor!
 14528 | D:13     | Noticed Frances
 14535 | D:13     | Noticed a catoblepas
 15280 | Lair:1   | Noticed a five-headed hydra
 15288 | Lair:1   | Killed a five-headed hydra
 15605 | Lair:1   | Got a transparent war axe
 15606 | Lair:1   | Identified the +2 war axe "Bochal" {flame, +Inv +Fly} (You
                  | found it on level 1 of the Lair of Beasts)
 15608 | Lair:1   | Reached **** piety under Hepliaklqana
 16183 | Lair:2   | Noticed Maggie
 16190 | Lair:2   | Killed Maggie
 16499 | Lair:2   | Reached XP level 13. HP: 106/106 MP: 18/18
 16910 | Lair:2   | Found a runed translucent door.
 16911 | Lair:2   | Found a shimmering altar of Xom.
 16911 | Lair:2   | Noticed dreux's ghost (journeyman GnWn)
 16964 | Lair:2   | Found a hole to the Spider Nest.
 17451 | Lair:3   | Noticed Snorg
 17464 | Lair:3   | Killed Snorg
 17869 | Lair:3   | Found a staircase to the Swamp.
 18841 | Lair:4   | Reached ***** piety under Hepliaklqana
 19963 | Lair:5   | Found a gate leading to a gauntlet.
 19966 | Lair:5   | Found a viscous altar of Jiyva.
 19973 | Lair:5   | Found a staircase to the Slime Pits.
 19975 | Gauntlet | Entered a Gauntlet
 19975 | Gauntlet | Found a transporter.
 19979 | Gauntlet | Noticed a green death
 20025 | Gauntlet | Found a transporter.
 20029 | Gauntlet | Found a transporter.
 20032 | Gauntlet | Found a transporter.
 20032 | Gauntlet | Found a transporter.
 20033 | Gauntlet | Found a transporter.
 20042 | Gauntlet | Found a transporter.
 20042 | Gauntlet | Found a transporter.
 20058 | Gauntlet | Found a large runed translucent door.
 20059 | Gauntlet | Found a large runed translucent door.
 20060 | Gauntlet | Found a large runed translucent door.
 20060 | Gauntlet | Noticed a green death
 20061 | Gauntlet | Found a runed translucent gate.
 20062 | Gauntlet | Found a transporter.
 20062 | Gauntlet | Found a runed translucent gate.
 20063 | Gauntlet | Found a runed translucent gate.
 20063 | Gauntlet | Found a large runed translucent door.
 20064 | Gauntlet | Found a large runed translucent door.
 20064 | Gauntlet | Found a large runed translucent door.
 20065 | Gauntlet | Found a large runed translucent door.
 20066 | Gauntlet | Found a large runed translucent door.
 20075 | Gauntlet | Found a large runed translucent door.
 20075 | Gauntlet | Found a large runed translucent door.
 20075 | Gauntlet | Found a runed translucent door.
 20075 | Gauntlet | Found a runed translucent door.
 20076 | Gauntlet | Found a large runed translucent door.
 20077 | Gauntlet | Found a large runed translucent door.
 20079 | Gauntlet | Found a transporter.
 20083 | Gauntlet | Found a transporter.
 20084 | Gauntlet | Found a runed translucent door.
 20086 | Gauntlet | Found a large runed translucent door.
 20086 | Gauntlet | Found a large runed translucent door.
 20094 | Gauntlet | Found a transporter.
 20117 | Gauntlet | Found a large runed translucent door.
 20117 | Gauntlet | Found a large runed translucent door.
 20239 | Gauntlet | Got a shimmering cloak
 20271 | Gauntlet | Got a pair of crude boots
 20272 | Gauntlet | Identified the +0 cloak of Relativism {rF+ Will+} (You
                  | found it in a Gauntlet)
 20273 | Gauntlet | Identified the +2 pair of boots of Yredelemnul's Anger
                  | {*Slow rCorr Str+5} (You found it in a Gauntlet)
 20288 | Gauntlet | Identified the +13 chain mail of Pride {*Slow rN+ Str+2
                  | Int+4}
 20288 | Gauntlet | Noticed a minotaur
 20303 | Gauntlet | Killed a minotaur
 20304 | Gauntlet | Reached XP level 14. HP: 91/116 MP: 20/20
 20910 | Lair:6   | Entered Level 6 of the Lair of Beasts
 20979 | Lair:6   | Got an ichor-stained leather armour
 20980 | Lair:6   | Identified a scroll of acquirement
 21502 | Lair:6   | Noticed Sonja
 21521 | Lair:6   | Killed Sonja
 21551 | Lair:6   | Reached skill level 10 in Invocations
 21560 | Lair:6   | Reached skill level 10 in Armour
 22208 | Lair:6   | Identified the +3 leather armour "Ethaofaj" {*Contam rN+
                  | Regen+ Dex+3} (You found it on level 6 of the Lair of
                  | Beasts)
 22439 | Lair:6   | Acquired a +1 vampiric demon whip
 23061 | Orc:1    | Entered Level 1 of the Orcish Mines
 23069 | Orc:1    | Noticed an orc warlord
 23109 | Orc:1    | Killed an orc warlord
 23113 | Orc:1    | Noticed a stone giant
 23128 | Orc:1    | Killed a stone giant
 23132 | Orc:1    | Reached skill level 10 in Dodging
 23533 | Orc:2    | Entered Level 2 of the Orcish Mines
 23794 | Orc:2    | Reached XP level 15. HP: 125/125 MP: 22/22
 23987 | Orc:2    | Got a heavily runed lapis lazuli ring
 24270 | Orc:2    | Found a staircase to the Elven Halls.
 24454 | Orc:2    | Noticed Saint Roka
 24485 | Orc:2    | HP: 4/125 [orc priest/divine providence (11)]
 24486 | Orc:2    | HP: 1/125 [orc high priest/divine providence (10)]
 24486 | Orc:2    | Killed from afar by Saint Roka

Illustrated notes

Levels and vault maps discovered:
D:1:      dpeg_arrival_short_road, layout_basic, minmay_quantized
D:2:      layout_loops_cross, general_overflow_altar, minmay_misc_feat_pillars,
          minmay_cut_off
D:3:      layout_basic, lemuel_round_altar
D:4:      layout_gridville, serial_shops, nicolae_shop_crystal
D:5:      layout_loops_ring, pdpol_wu_jian_five_deadly_venoms, marbit_many_paths
D:6:      layout_gridville, gammafunk_temple_overflow_claw,
          minmay_misc_feat_doors, grunt_decor_one_mirror,
          kennysheep_another_room, uniq_pikel
D:7:      layout_cave_pools, minmay_temple_entry_wispy, uniq_joseph,
          uniq_menkaure
D:8:      kennysheep_blocky_room, layout_cave_pools, serial_column_ruins,
          column_ruins_hut, column_ruins_open_medium, column_ruins_open_small,
          column_ruins_columns_corner, column_ruins_open_small
D:9:      layout_irregular_city, zin_treasury, kennysheep_mini
D:10:     layout_roguey, david_lair_shrubbed, lightli_corner_chamber
D:11:     layout_loops_ring, hiddenorc1_lemuel, gammafunk_ghost_nasty_kobolds,
          hangedman_corner_corridor
D:12:     layout_loops_ring, portal_ice_cave_demonic_guard,
          nicolae_dithmenos_the_darkroom
D:13:     layout_basic, palyth_stone_intersect, uniq_maurice, uniq_frances
Temple:   dshaligram_water_room_temple
Lair:1:   layout_hall_layers, lemuel_fruit_fields
Lair:2:   layout_long_grid, dummy_spider_entry, ebering_ghost_xom,
          grunt_megastairs_1, uniq_maggie
Lair:3:   layout_misc_corridors, minmay_swamp_entry_swarm, uniq_snorg
Lair:4:   layout_regular_city, minmay_lair_oklob_chamber
Lair:5:   layout_gridlike, slime_altar_1, gauntlet_entry_generic,
          serial_bayou_pond_d
Lair:6:   minmay_lair_end_enchanted_forest, layout_gridlike, serial_bayou,
          serial_bayou_pond_d, serial_bayou_crossing, serial_bayou_pond_c,
          serial_bayou_shore_a, uniq_sonja
Orc:1:    layout_diamond_mine
Orc:2:    pubby_orc_utopia

Skill      XL: |  1  2  3  4  5  6  7  8  9 10 11 12 13 14 15 |
---------------+----------------------------------------------+-----
Fighting       | 1 2 3 4 5 7 8 9 11 12 13 14 | 14.5
Maces & Flails | 1 2 3 4 5 7 8 9 11 12 13 14 | 14.3
Armour         | 1 2 3 4 5 6 7 8 9 10 | 10.7
Dodging        | 3 4 5 6 7 8 9 10 | 10.2
Shields        | 1 3 4 6 7 9 10 11 13 14 | 14.3
Invocations    | 2 4 6 8 9 10 11 | 11.0
Stealth        | |  1.5
Spellcasting   | |  1.3
Transmutations | |  0.7
Earth Magic    | |  2.4

Action                   |  1- 3 |  4- 6 |  7- 9 | 10-12 | 13-15 || total
-------------------------+-------+-------+-------+-------+-------++-------
Melee: Whip              |    98 |   299 |   430 |   202 |       ||  1029
       Unarmed           |     6 |       |       |       |       ||     6
       Headbutt          |    10 |    44 |    66 |   166 |   247 ||   533
       Flail             |       |       |       |   691 |   717 ||  1408
       Demon whip        |       |       |       |       |   402 ||   402
 Cast: Sandblast         |     5 |       |       |       |       ||     5
Invok: Ancestor Life: Kn |       |       |       |     1 |       ||     1
       Recall Ancestor   |       |       |       |     2 |       ||     2
       Idealise          |       |       |       |       |     2 ||     2
Evoke: Wand              |       |       |    16 |    11 |     8 ||    35
  Use: Scroll            |     7 |     8 |     3 |    18 |    24 ||    60
       Potion            |     1 |     8 |       |    12 |    11 ||    32
 Stab: Distracted        |       |       |       |    10 |     8 ||    18
       Paralysed         |       |       |       |    11 |       ||    11
       Invisible         |       |       |       |       |     7 ||     7
Armor: Leather armour    |    37 |       |       |       |       ||    37
       Scale mail        |    20 |   127 |   153 |    91 |       ||   391
       Skin              |       |    16 |       |     6 |       ||    22
       Ring mail         |       |       |       |   183 |   296 ||   479
Dodge: Dodged            |    82 |    73 |    66 |   251 |   291 ||   763
Block: Kite shield       |       |    39 |       |       |       ||    39
       Tower shield      |       |    68 |   241 |   722 |  1000 ||  2031
